Unix NetHack Version 5.0.0-0 post-release - last build Jul 14 2026 02:55:29 (1809b74e8187c3a3585e283601c3028b46cbbdcb,branch:main).

Game began 2026-07-14 10:04:49, ended 2026-07-14 19:46:57.

GdeVolpiano, chaotic female elven Wizard

                    -------
                    |.*--.----
          ---       |........--
          |.----  ----........|     ---
          --.|.---.|.|........|    --.---------------------------
          --....|..........----    |............................|.|
          |.........)*.....|       --.....---------------------.|.--
          |...............-----------.------                  |.....
          ---...^.....................|  |.--  ---          .---..---
            |-..............-*...---------..|---.---       ...|......
           --....................|   --.....--.....--      -.........
           |..-....*........---.--   |..........|...--    --........
           |.-...^.........-- ---    --.......----...--   |........
         ---.........*).---|          |......-- --....|  --.......
         |............*.*..|          |..-----  |..).-- --.......
      ----.--....)#)..----.----       ----      --.).----.......
    ---....|-.......---  |....|           --.-----...[|........
  ---...---| -......|   --....|           |@........*.).*.....
  |...---  |..[).----   |<...--           --.---------.--.--.
  |..--    --.|.--      --.---                       ------
  ----      -----        ---
GdeVolpiano the Thaumaturge  St:9 Dx:14 Co:16 In:19 Wi:10 Ch:10  Chaotic
Dlvl:6  $:21 HP:0(44) Pw:91(91) AC:9  Xp:7 T:4050  Blind Deaf

Latest messages:
 Your purse feels lighter.
 The leprechaun vanishes!
 Jolly Jumper drops a rock.
 Where do you want to travel to?
 (For instructions type a '?')
 Your lamp called oil seems about to go out.
 Your lamp called oil has gone out.
 You are beginning to feel hungry.
 What do you want to eat? [K or ?*]
 This food really hits the spot!
 You finish eating the food ration.
 You see here 11 rocks.
 You are momentarily blinded by a flash of light!
 You hear a deafening roar!
 Wait!  There's something there you can't see!
 Someone stole an uncursed leash.
 It bites!
 It bites again!
 You avoid harm.
 You hit it.
 It bites!
 It bites again!
 You're on fire!
 You miss it.
 It bites!
 It bites again!
 You're on fire!
 Your smoky potion boils and explodes!
 It bites!
 It bites again!
 You're on fire!
 #
 Are you sure you want to pray? [yn] (n)
 You begin praying to Anhur.
 You feel something move nearby.
 You feel something move nearby.
 You feel something move nearby.
 You feel something move nearby.
 You feel something move nearby.
 You finish your prayer.
 You feel that Anhur is well-pleased.
 What do you want to drink? [rI or ?*]
 Wow!  This makes you feel good!
 It bites!
 It bites again!
 You avoid harm.
 It bites!
 You die...
 Do you want your possessions identified? [ynq] (y)
 Do you want to see your attributes? [ynq] (y)

Inventory:
 Coins    ('$')
  $ - 21 gold pieces
 Weapons  (')')
  C - a +1 dagger (weapon in right hand)
  i - 7 +0 daggers (at the ready)
 Armor    ('[')
  Q - an uncursed +0 pair of high boots
  a - an uncursed burnt +0 pair of jumping boots (being worn)
  b - an uncursed +0 cloak of magic resistance (being worn)
  g - a blessed +0 Hawaiian shirt with a hibiscus flower motif (being worn)
 Comestibles  ('%')
  K - an uncursed food ration
 Scrolls  ('?')
  f - an uncursed scroll of gold detection
 Potions  ('!')
  r - an uncursed potion of invisibility
 Rings    ('=')
  e - an uncursed ring of polymorph control (on right hand)
  d - an uncursed ring of teleport control (on left hand)
 Tools    ('(')
  R - an uncursed blindfold
  k - an uncursed lock pick
  w - an uncursed magic whistle
  P - an uncursed oil lamp
  H - a +0 pick-axe
  G - an uncursed tin opener
 Gems/Stones  ('*')
  B - 2 uncursed worthless pieces of yellowish brown glass
  l - an uncursed touchstone

GdeVolpiano the Wizard's attributes:

Background:
 You were a Thaumaturge, a level 7 female elven Wizard.
 You were chaotic, on a mission for Anhur
 who was opposed by Ptah (lawful) and Thoth (neutral).
 You were right-handed.
 You were in the Gnomish Mines, on level 6.
 You entered the dungeon 4050 turns ago.
 There was a new moon in effect when your adventure ended.
 You had 644 experience points, 636 more were needed to attain level 8.

Basics:
 You had 0 out of 44 hit points.
 You had all 91 energy points (spell power).
 Your armor class was 9.
 Your wallet contained 21 zorkmids.
 Autopickup was on for '$?!/="+' plus thrown, with exceptions.

Final Characteristics:
 Your strength was 9 (limit:18).
 Your dexterity was 14 (limit:18).
 Your constitution was 16 (limit:16).
 Your intelligence was 19 (limit:20).
 Your wisdom was 10 (limit:20).
 Your charisma was 10 (limit:18).

Final Status:
 You were temporarily blind.
 You were deaf.
 You weren't hungry.
 You were unencumbered.
 You were wielding a dagger.
 You were skilled in dagger.

Final Attributes:
 You were piously aligned.
 You were magic-protected.
 You were sleep resistant.
 You had infravision.
 You could jump.
 You had teleport control.
 You were warded.
 You had polymorph control.
 You are dead.

Miscellaneous:
 You didn't encounter any bones levels.
 Total elapsed playing time was 59 minutes and 3 seconds.

Major events:
 Turn
    1: GdeVolpiano the chaotic female elven Wizard entered the dungeon
  367: entered the Gnomish Mines
  507: attained the rank of Conjurer (level 3)
 2129: reached Mine Town
 2447: attained the rank of Thaumaturge (level 6)
 4050: killed by a fire ant

Spells:
 Name                 Level Category     Fail Retention
 force bolt             1   attack         0%   71%-80%
 create monster         2   clerical      37%  76%-100%
 remove curse           3   clerical      71%  76%-100%
 healing                1   healing        0%  76%-100%

Skills:
 Fighting Skills
   bare handed combat [Unskilled]
   riding             [Unskilled]
 Weapon Skills
   dagger             [Skilled]
   knife              [Unskilled]
   axe                [Unskilled]
   short sword        [Unskilled]
   club               [Unskilled]
   mace               [Unskilled]
   quarterstaff       [Basic]
   polearms           [Unskilled]
   spear              [Unskilled]
   trident            [Unskilled]
   sling              [Unskilled]
   dart               [Unskilled]
   shuriken           [Unskilled]
 Spellcasting Skills
   attack spells      [Basic]
   healing spells     [Unskilled]
   divination spells  [Unskilled]
   enchantment spells [Basic]
   clerical spells    [Unskilled]
   escape spells      [Unskilled]
   matter spells      [Unskilled]

Voluntary challenges:
 Character rerolling was not enabled.
 You never genocided any monsters.
 You never polymorphed an object.
 You never changed form.
 You used no wishes.
Achievements:
 You entered the Gnomish Mines.
 You entered a shop.
 You attained the rank of Conjurer.
 You entered Minetown.
 You entered a temple.
 You attained the rank of Thaumaturge.

 The Dungeons of Doom: levels 1 to 3
    Level 1: "vault"
       Some fountains.
    Level 2:
       A general store, some fountains.
       Stairs down to The Gnomish Mines.
    Level 3:
       A grave.
 The Gnomish Mines: levels 3 to 6
    Level 3:
    Level 4:
    Level 5:
       Many shops, a temple and an altar, some fountains, some trees.
    Level 6: <- You were here.
       Final resting place for
          you, killed by a fire ant.


Vanquished creatures:
  a small mimic
  a dwarf ruler
  a dog
  a housecat
  a blue jelly
  a yellow light
  4 gnome leaders
  a kobold mummy
  a gray ooze
  a straw golem
  3 giant ants
  a little dog
  a floating eye
  8 dwarves
  a kobold leader
  a kobold shaman
  a giant bat
 an orc zombie
  a werejackal
  2 hobbits
  2 large kobolds
  a hobgoblin
  3 cave spiders
  2 green molds
 27 gnomes
  2 garter snakes
  a gecko
  3 jackals
  a fox
  a kobold
  5 goblins
  4 sewer rats
  3 grid bugs
  2 bats
  3 lichens
  a kobold zombie
  4 newts
98 creatures vanquished.

No species were genocided or became extinct.

Game over:
                       ----------
                      /          \
                     /    REST    \
                    /      IN      \
                   /     PEACE      \
                  /                  \
                  |   GdeVolpiano    |
                  |      21 Au       |
                  | killed by a fire |
                  |       ant        |
                  |                  |
                  |                  |
                  |       2026       |
                 *|     *  *  *      | *
        _________)/\\_//(\/(/\)/\//\/|_)_______

Goodbye GdeVolpiano the Wizard...

You died in The Gnomish Mines on dungeon level 6 with 2865 points,
and 21 pieces of gold, after 4050 moves.
You were level 7 with a maximum of 44 hit points when you died.

